 Dungeon Crawl Stone Soup version 0.31-a0-219-g8d62b2e7bb (webtiles) character file.

Game seed: 13322508738738406657

34300 qw the Cleaver (level 13, -9/82 HPs)
             Began as a Gargoyle Fighter on July 3, 2023.
             Was an Elder of Okawaru.
             Mangled by an eight-headed hydra (12 damage)
             ... on level 5 of the Lair of Beasts.
             The game lasted 00:06:34 (12552 turns).

qw the Cleaver (Gargoyle Fighter)                  Turns: 12552, Time: 00:06:34

Health: -9/82      AC: 33    Str: 23    XL:     13   Next: 76%
Magic:  20/20      EV:  8    Int: 11    God:    Okawaru [****..]
Gold:   455        SH: 12    Dex:  9    Spells: 12/12 levels left

rFire   + . .        w - +0 club
rCold   + . .        s - +0 kite shield
rNeg    + . .        b - +0 plate armour
rPois   inf          i - +0 helmet
rElec   +            v - scarf {rC+ rF+}
rCorr   +            (no gloves)
SInv    .            u - +0 pair of boots
Will    .....        c - amulet of regeneration Stlth
                     k - +4 ring of protection
HPRegen 1.13/turn    m - ring of resist corrosion
MPRegen 0.17/turn

%: no passive effects
@: about to teleport, heroic
A: sickness immunity, AC +9, negative energy resistance 1, electricity
resistance, torment resistance 1, petrification resistance
a: Renounce Religion, Heroism, Finesse


You were on level 5 of the Lair of Beasts.
You worshipped Okawaru.
Okawaru was greatly pleased with you.
You visited 3 branches of the dungeon, and saw 14 of its levels.

You collected 704 gold pieces.
You spent 249 gold pieces at shops.


Innate Abilities, Weirdness & Mutations

You are immune to sickness and miasma.
Your stone body is resilient. (AC +9)
You are immune to poison.
You resist negative energy. (rN+)
You are resistant to electric shocks. (rElec)
You are resistant to unholy torment.
You are immune to petrification.


   Skills:
 - Level 10.1(15.1) Fighting
 - Level 14.0(19.0) Axes
 - Level 1.7(6.7) Throwing
 + Level 9.1(14.1) Armour
 - Level 2.0(7.0) Dodging
 - Level 11.0(16.0) Shields
 - Level 10.0 Invocations


You had 12 spell levels left.
You didn't know any spells.
Your spell library was empty.

Inventory:

Hand Weapons
 q - a +5 spectral war axe
 w - a +0 club (weapon)
Armour
 a - a +2 cloak
 b - a +0 plate armour (worn)
 i - a +0 helmet (worn)
 s - a +0 kite shield (worn)
 u - a +0 pair of boots (worn)
 v - a scarf of resistance (worn)
Jewellery
 c - an amulet of regeneration (around neck)
 k - a +4 ring of protection (left hand)
 m - a ring of resist corrosion (right hand)
Wands
 o - a wand of digging (15)
Scrolls
 f - 3 scrolls of teleportation
 t - a scroll of identify
Potions
 d - a potion of might
 e - 2 potions of mutation
 h - a potion of cancellation
 j - 3 potions of magic
 l - 3 potions of curing
 n - a potion of lignification
 p - a potion of haste
 r - a potion of enlightenment

Dungeon Overview and Level Annotations

Branches:
Dungeon (8/15)             Temple (1/1) D:5            Lair (5/5) D:8
 Shoals (0/4) Lair:2        Snake (0/4) Lair:2        Slime (0/5) Lair:4

Altars:
Cheibriados
Dithmenos
Elyvilon
Fedhas
Hepliaklqana
Kikubaaqudgha
Makhleb
Nemelex Xobeh
Okawaru
Qazlal
Ru
Sif Muna
Trog
Vehumet
Wu Jian
Xom
Yredelemnul
Zin
The Shining One

Shops:
D:6 *   D:8 !

Annotations:
D:5 1 runed translucent door, qw's ghost, novice DEHu


Message History

The eight-headed hydra barely misses you.
The eight-headed hydra bites you but does no damage.
You block the eight-headed hydra's attack.
The eight-headed hydra bites you but does no damage.
The eight-headed hydra bites you!
The eight-headed hydra bites you but does no damage.
The eight-headed hydra barely misses you.
The cane toad stings you but does no damage.
12549 ||| READING 4 scrolls of teleportation.
As you read the scroll of teleportation, it crumbles to dust.
You feel strangely unstable.
The eight-headed hydra bites you but does no damage. x2
The eight-headed hydra bites you.
The eight-headed hydra bites you but does no damage.
The eight-headed hydra bites you.
You block the eight-headed hydra's attack. x2
The eight-headed hydra bites you. The cane toad closely misses you.
12550 ||| DRINKING 2 potions of heal wounds.
You feel much better.
You block the eight-headed hydra's attack.
The eight-headed hydra bites you but does no damage.
You block the eight-headed hydra's attack.
The eight-headed hydra bites you but does no damage.
The eight-headed hydra bites you. The eight-headed hydra bites you!
The eight-headed hydra closely misses you.
The eight-headed hydra bites you but does no damage.
The cane toad stings you but does no damage.
12551 ||| DRINKING potion of heal wounds.
You feel much better.
The cane toad stings you but does no damage.
The eight-headed hydra bites you.
You block the eight-headed hydra's attack.
The eight-headed hydra bites you! The eight-headed hydra bites you. x2
The eight-headed hydra bites you but does no damage. x3
You hit the eight-headed hydra.
The eight-headed hydra is almost dead.
The cane toad stings you! The eight-headed hydra bites you.
The eight-headed hydra bites you but does no damage.
The eight-headed hydra bites you!
You die...

. D..#.##
.#....#.##
#.#......#
#.P......#
##P........
..........
##.........
#P.DF......
#P.@.......
#..../..... .
##......... ..#
##......... ....
##...<......
#...####.#.........
#.....#....P.<....
#...#.............
#..#.....##....


You could see an eight-headed hydra and a cane toad.

Vanquished Creatures
  A hydra (Lair:3)
  A catoblepas (Lair:1)
  A two-headed ogre (D:6)
  A death yak (Lair:4)
  A skyshark (Lair:1)
  A harpy (Lair:2)
  Pikel (D:8)
  A deep elf pyromancer (D:7)
  A salamander (Lair:2)
  7 elephants (Lair:4)
  Maurice (D:8)
  3 black mambas
  10 cane toads
  5 rime drakes
  7 komodo dragons
  3 polar bears
  A burning bush (Lair:1)
  13 blink frogs
  5 wyverns
  61 yaks
  2 basilisks (Lair:3)
  Eustachio (D:5)
  9 water moccasins
  2 orc warriors (D:7)
  9 ice beasts
  3 black bears
  2 sky beasts
  15 wolves
  4 ogres
  A centaur (D:8)
  A lemure (D:8)
  3 kobold brigands
  11 bullfrogs
  2 scorpions
  7 wights
  A howler monkey (D:6)
  3 electric eels (Lair:2)
  4 lava snakes (Lair:2)
  2 hounds
  16 jellies
  7 orc priests
  A gnoll bouda (D:6)
  2 iguanas
  8 orc wizards
  4 sleepcaps
  A hell rat (Lair:3)
  4 adders
  6 gnolls
  2 shadow imps
  4 worms
  2 dart slugs
  25 orcs
  10 ball pythons
  3 bats (D:3)
  9 endoplasms
  3 giant cockroaches
  5 goblins
  4 hobgoblins
  4 jackals (D:3)
  16 kobolds
  6 quokkas
  4 frilled lizards
  5 rats
358 creatures vanquished.

Vanquished Creatures (others)
  3 spectral weapons (Lair:3)
3 creatures vanquished.

Grand Total: 361 creatures vanquished

Notes
Turn   | Place    | Note
-------+----------+-------------------------------------------
     0 | D:1      | qw the Gargoyle Fighter began the quest for the Orb.
     0 | D:1      | Reached XP level 1. HP: 14/14 MP: 1/1
     0 | D:1      | 0 ||| qw: Version: 0.3-a-40-ge99b1a8
     0 | D:1      | 0 ||| qw: Game counter: 412
     0 | D:1      | 0 ||| qw: Melee chars always use a shield: true
     0 | D:1      | 0 ||| qw: God list: Okawaru
     0 | D:1      | 0 ||| qw: Allow faded altars: false
     0 | D:1      | 0 ||| qw: Do Orc after clearing Dungeon:15 true
     0 | D:1      | 0 ||| qw: Do second Lair branch before Depths: true
     0 | D:1      | 0 ||| qw: Lair rune preference: random
     0 | D:1      | 0 ||| qw: Goals: Normal, Zot:1-4, Slime:5, God:TSO, Crypt,
                  | Tomb, Abyss, Pan, Hells, Win
     0 | D:1      | 0 ||| PLANNING D:1-11
    26 | D:1      | Reached skill level 2 in Axes
   127 | D:1      | 127 ||| Stepping ~*~*~tactically~*~*~ (hiding).
   128 | D:1      | 128 ||| Stepping ~*~*~tactically~*~*~ (hiding).
   350 | D:1      | Reached XP level 2. HP: 16/19 MP: 2/2
  1145 | D:1      | 1145 ||| UPGRADING to +0 chain mail.
  1155 | D:1      | 1155 ||| DROPPING +0 scale mail.
  1156 | D:1      | 1156 ||| UPGRADING to amulet of the acrobat.
  1161 | D:1      | 1161 ||| READING scroll labelled TONEIV MUE.
  1171 | D:1      | 1171 ||| READING scroll labelled ZOAJYT UTHROOR.
  1172 | D:1      | 1172 ||| DROPPING +0 club.
  1173 | D:1      | 1173 ||| READING scroll labelled ADAIDGHYGAU.
  1177 | D:1      | 1177 ||| READING scroll labelled LIUGAD XAIJOB.
  1178 | D:1      | 1178 ||| DRINKING 2 fizzy golden potions.
  1198 | D:2      | Reached skill level 3 in Axes
  1200 | D:2      | Reached XP level 3. HP: 23/23 MP: 3/3
  1574 | D:2      | Found a faded altar of an unknown god.
  1886 | D:2      | 1886 ||| UPGRADING to +0 plate armour.
  1896 | D:2      | 1896 ||| UPGRADING to +0 helmet.
  1901 | D:2      | 1901 ||| DROPPING +0 chain mail.
  1902 | D:2      | 1902 ||| READING scroll labelled IREMECLOES.
  1903 | D:2      | 1903 ||| READING 2 scrolls labelled YPSUMU BUOMO.
  1904 | D:2      | 1904 ||| READING scroll of enchant weapon.
  1904 | D:2      | 1904 ||| ENCHANTING +1 war axe of flaming.
  1905 | D:2      | 1905 ||| DRINKING 2 cyan potions.
  1997 | D:3      | 1997 ||| Stepping ~*~*~tactically~*~*~ (stealth).
  1998 | D:3      | 1998 ||| Stepping ~*~*~tactically~*~*~ (stealth).
  2008 | D:3      | Reached XP level 4. HP: 25/28 MP: 4/4
  2025 | D:3      | 2025 ||| Stepping ~*~*~tactically~*~*~ (stealth).
  2037 | D:3      | 2037 ||| Stepping ~*~*~tactically~*~*~ (stealth).
  2117 | D:3      | Reached skill level 4 in Axes
  2158 | D:3      | 2158 ||| Stepping ~*~*~tactically~*~*~ (stealth).
  2791 | D:3      | Found a radiant altar of Vehumet.
  2837 | D:3      | 2837 ||| Stepping ~*~*~tactically~*~*~ (stealth).
  2986 | D:3      | 2986 ||| UPGRADING to +0 cloak.
  2991 | D:3      | 2991 ||| READING scroll labelled SOR YCINOSU.
  2992 | D:3      | 2992 ||| READING scroll labelled KOT TIVOFF.
  3030 | D:4      | Reached XP level 5. HP: 23/32 MP: 5/5
  3032 | D:4      | Reached skill level 5 in Axes
  3080 | D:4      | 3080 ||| Stepping ~*~*~tactically~*~*~ (hiding).
  3087 | D:4      | Reached XP level 6. HP: 20/38 MP: 6/6
  3137 | D:4      | 3137 ||| FLEEEEING.
  3187 | D:4      | 3187 ||| Stepping ~*~*~tactically~*~*~ (hiding).
  3316 | D:4      | 3316 ||| Stepping ~*~*~tactically~*~*~ (stealth).
  3418 | D:4      | 3418 ||| Stepping ~*~*~tactically~*~*~ (hiding).
  3420 | D:4      | 3420 ||| Stepping ~*~*~tactically~*~*~ (hiding).
  3461 | D:4      | Reached skill level 6 in Axes
  3461 | D:4      | Reached XP level 7. HP: 22/43 MP: 7/7
  3552 | D:4      | Found an ornate altar of the Wu Jian Council.
  3657 | D:4      | 3657 ||| UPGRADING to +4 ring of protection.
  3658 | D:4      | 3658 ||| READING scroll labelled JIURUU UJAA.
  3678 | D:5      | Entered Level 5 of the Dungeon
  3678 | D:5      | Found a shadowy altar of Dithmenos.
  3713 | D:5      | Found a runed translucent door.
  3713 | D:5      | Noticed qw's ghost (novice DEHu)
  3721 | D:5      | 3721 ||| Stepping ~*~*~tactically~*~*~ (stealth).
  3731 | D:5      | Noticed Eustachio
  3751 | D:5      | Killed Eustachio
  3824 | D:5      | Reached skill level 7 in Axes
  3939 | D:5      | 3939 ||| Stepping ~*~*~tactically~*~*~ (hiding).
  3940 | D:5      | 3940 ||| Stepping ~*~*~tactically~*~*~ (hiding).
  3965 | D:5      | Reached XP level 8. HP: 40/50 MP: 8/8
  4037 | D:5      | 4037 ||| Stepping ~*~*~tactically~*~*~ (hiding).
  4184 | D:5      | Found a staircase to the Ecumenical Temple.
  4185 | D:5      | 4185 ||| PLANNING TEMPLE
  4198 | D:5      | Reached skill level 1 in Dodging
  4250 | Temple   | Entered the Ecumenical Temple
  4272 | Temple   | 4272 ||| PLANNING OKAWARU WORSHIP
  4434 | Temple   | Became a worshipper of Warmaster Okawaru
  4435 | Temple   | 4435 ||| PLANNING D:1-11
  4635 | D:5      | Reached skill level 1 in Throwing
  4767 | D:5      | 4767 ||| READING scroll labelled PAOLIST GADUNO.
  4854 | D:6      | 4854 ||| Stepping ~*~*~tactically~*~*~ (stealth).
  4913 | D:6      | 4913 ||| Stepping ~*~*~tactically~*~*~ (stealth).
  4939 | D:6      | Reached * piety under Okawaru
  4940 | D:6      | 4940 ||| INVOKING Heroism.
  4950 | D:6      | Reached skill level 8 in Axes
  4956 | D:6      | 4956 ||| INVOKING Heroism.
  5025 | D:6      | Found a shimmering altar of Xom.
  5136 | D:6      | Reached skill level 6 in Fighting
  5136 | D:6      | Reached XP level 9. HP: 55/55 MP: 9/9
  5140 | D:6      | Found a stormy altar of Qazlal.
  5149 | D:6      | 5149 ||| INVOKING Heroism.
  5155 | D:6      | Reached skill level 1 in Invocations
  5177 | D:6      | Found Inniecuo's Assorted Antiques.
  5181 | D:6      | 5181 ||| BUYING blackened silver wand (96 gold).
  5181 | D:6      | Bought a blackened silver wand for 96 gold pieces
  5181 | D:6      | 5181 ||| BUYING kite shield (108 gold).
  5181 | D:6      | Bought a kite shield for 108 gold pieces
  5181 | D:6      | 5181 ||| SHOPLISTING pink potion (21 gold, have 0).
  5181 | D:6      | 5181 ||| SHOPLISTING sharpened fluorescent wand (96 gold,
                  | have 0).
  5338 | D:6      | Noticed a two-headed ogre
  5339 | D:6      | 5339 ||| INVOKING Heroism.
  5347 | D:6      | Killed a two-headed ogre
  5347 | D:6      | Reached ** piety under Okawaru
  5348 | D:6      | Reached skill level 9 in Axes
  5396 | D:6      | 5396 ||| Stepping randomly (disturbance).
  5553 | D:6      | 5553 ||| UPGRADING to +0 kite shield.
  5563 | D:6      | 5563 ||| DROPPING +0 buckler.
  5564 | D:6      | 5564 ||| DRINKING 2 fuming amethyst potions.
  5565 | D:6      | 5565 ||| DROPPING wand of paralysis (4).
  5654 | D:7      | Found a blossoming altar of Fedhas.
  5689 | D:7      | 5689 ||| INVOKING Heroism.
  5715 | D:7      | 5715 ||| INVOKING Heroism.
  5771 | D:7      | 5771 ||| Stepping ~*~*~tactically~*~*~ (hiding).
  5774 | D:7      | 5774 ||| INVOKING Heroism.
  5819 | D:7      | 5819 ||| INVOKING Heroism.
  6129 | D:7      | 6129 ||| READING scroll of enchant weapon.
  6129 | D:7      | 6129 ||| ENCHANTING +2 war axe of flaming.
  6159 | D:7      | 6159 ||| Stepping ~*~*~tactically~*~*~ (hiding).
  6160 | D:7      | 6160 ||| Stepping ~*~*~tactically~*~*~ (hiding).
  6336 | D:7      | Noticed a deep elf pyromancer
  6337 | D:7      | 6337 ||| INVOKING Heroism.
  6346 | D:7      | Killed a deep elf pyromancer
  6347 | D:7      | Reached XP level 10. HP: 36/60 MP: 11/13
  6483 | D:7      | 6483 ||| INVOKING Heroism.
  6525 | D:7      | Found a sacrificial altar of Ru.
  6526 | D:7      | 6526 ||| Stepping ~*~*~tactically~*~*~ (hiding).
  6750 | D:7      | 6750 ||| UPGRADING to amulet of regeneration.
  6760 | D:7      | 6760 ||| DROPPING amulet of the acrobat.
  6761 | D:7      | 6761 ||| READING scroll labelled BODGHO PA HURI.
  6862 | D:7      | 6862 ||| READING 2 scrolls of identify.
  6862 | D:7      | 6862 ||| IDENTIFYING pink potion
  6909 | D:8      | 6909 ||| INVOKING Heroism.
  6929 | D:8      | Reached skill level 6 in Armour
  6933 | D:8      | Noticed Pikel
  6936 | D:8      | Noticed Maurice
  6942 | D:8      | 6942 ||| DRINKING potion of curing.
  6942 | D:8      | 6942 ||| (to cure confusion)
  6972 | D:8      | 6972 ||| INVOKING Heroism.
  6975 | D:8      | Killed Pikel
  6975 | D:8      | Reached *** piety under Okawaru
  6976 | D:8      | Reached skill level 9 in Shields
  7004 | D:8      | Killed Maurice
  7040 | D:8      | 7040 ||| READING 2 scrolls of enchant weapon.
  7040 | D:8      | 7040 ||| ENCHANTING +3 war axe of flaming.
  7041 | D:8      | 7041 ||| READING scroll of enchant weapon.
  7041 | D:8      | 7041 ||| ENCHANTING +4 war axe of flaming.
  7051 | D:8      | Found a staircase to the Lair.
  7193 | D:8      | 7193 ||| INVOKING Heroism.
  7352 | D:8      | Found Gonu Qer's Distillery.
  7361 | D:8      | 7361 ||| BUYING potion of curing (45 gold).
  7361 | D:8      | Bought a potion of curing for 45 gold pieces
  7361 | D:8      | 7361 ||| SHOPLISTING potion of curing (45 gold, have 42).
  7361 | D:8      | 7361 ||| SHOPLISTING potion of heal wounds (75 gold, have
                  | 42).
  7361 | D:8      | 7361 ||| SHOPLISTING potion of lignification (45 gold, have
                  | 42).
  7405 | D:8      | 7405 ||| Stepping ~*~*~tactically~*~*~ (hiding).
  7408 | D:8      | 7408 ||| Stepping ~*~*~tactically~*~*~ (hiding).
  7474 | D:8      | 7474 ||| Stepping ~*~*~tactically~*~*~ (stealth).
  7475 | D:8      | 7475 ||| Stepping ~*~*~tactically~*~*~ (stealth).
  7476 | D:8      | 7476 ||| Stepping ~*~*~tactically~*~*~ (stealth).
  7477 | D:8      | 7477 ||| Stepping ~*~*~tactically~*~*~ (stealth).
  7478 | D:8      | 7478 ||| Stepping ~*~*~tactically~*~*~ (stealth).
  7551 | D:8      | Reached skill level 10 in Axes
  7551 | D:8      | Reached XP level 11. HP: 67/67 MP: 14/14
  7564 | D:8      | 7564 ||| Stepping ~*~*~tactically~*~*~ (stealth).
  7830 | D:8      | 7830 ||| PLANNING LAIR
  7830 | D:8      | 7830 ||| UPGRADING to +2 cloak.
  7840 | D:8      | 7840 ||| DROPPING +0 cloak.
  7841 | D:8      | 7841 ||| UPGRADING to ring of resist corrosion.
  7842 | D:8      | 7842 ||| READING 3 scrolls of identify.
  7842 | D:8      | 7842 ||| IDENTIFYING fizzy purple potion
  7843 | D:8      | 7843 ||| READING 2 scrolls of identify.
  7843 | D:8      | 7843 ||| IDENTIFYING orange potion
  7883 | Lair:1   | Entered Level 1 of the Lair of Beasts
  7886 | Lair:1   | 7886 ||| INVOKING Heroism.
  7899 | Lair:1   | Reached **** piety under Okawaru
  7902 | Lair:1   | 7902 ||| STAIRDANCE
  7956 | Lair:1   | Received a gift from Okawaru
  8073 | Lair:1   | 8073 ||| INVOKING Heroism.
  8074 | Lair:1   | Noticed a catoblepas
  8075 | Lair:1   | 8075 ||| Stepping ~*~*~tactically~*~*~ (stealth).
  8076 | Lair:1   | 8076 ||| Stepping ~*~*~tactically~*~*~ (stealth).
  8077 | Lair:1   | 8077 ||| Stepping ~*~*~tactically~*~*~ (stealth).
  8090 | Lair:1   | 8090 ||| Stepping ~*~*~tactically~*~*~ (stealth).
  8094 | Lair:1   | 8094 ||| INVOKING Heroism.
  8109 | Lair:1   | Killed a catoblepas
  8138 | Lair:1   | 8138 ||| INVOKING Heroism.
  8145 | Lair:1   | Reached skill level 6 in Invocations
  8174 | Lair:1   | Noticed a skyshark
  8186 | Lair:1   | Killed a skyshark
  8211 | Lair:1   | Reached skill level 11 in Axes
  8274 | Lair:1   | Reached ***** piety under Okawaru
  8374 | Lair:1   | 8374 ||| Stepping ~*~*~tactically~*~*~ (stealth).
  8375 | Lair:1   | 8375 ||| INVOKING Heroism.
  8457 | Lair:1   | 8457 ||| Stepping ~*~*~tactically~*~*~ (stealth).
  8467 | Lair:1   | Reached XP level 12. HP: 53/75 MP: 17/17
  8468 | Lair:1   | 8468 ||| INVOKING Heroism.
  8499 | Lair:1   | Identified the +1 robe "Giejeo Obru" {rElec}
  8584 | Lair:1   | 8584 ||| INVOKING Heroism.
  8730 | Lair:1   | Reached skill level 9 in Fighting
  8793 | Lair:1   | 8793 ||| READING 2 scrolls of identify.
  8793 | Lair:1   | 8793 ||| IDENTIFYING brown potion
  8794 | Lair:1   | 8794 ||| DROPPING potion of invisibility.
  8822 | Lair:2   | 8822 ||| Stepping ~*~*~tactically~*~*~ (stealth).
  8823 | Lair:2   | 8823 ||| Stepping ~*~*~tactically~*~*~ (stealth).
  8910 | Lair:2   | 8910 ||| Stepping ~*~*~tactically~*~*~ (stealth).
  8930 | Lair:2   | Reached skill level 9 in Invocations
  8968 | Lair:2   | 8968 ||| INVOKING Heroism.
  9088 | Lair:2   | 9088 ||| INVOKING Heroism.
  9501 | Lair:2   | Found a staircase to the Shoals.
  9549 | Lair:2   | 9549 ||| READING scroll of brand weapon.
  9549 | Lair:2   | 9549 ||| BRANDING +5 war axe of flaming.
  9848 | Lair:2   | You fall into a shaft and drop 2 floors!
  9857 | Lair:4   | 9857 ||| READING scroll labelled QERA BUNEQON.
  9858 | Lair:4   | 9858 ||| READING 2 scrolls of identify.
  9858 | Lair:4   | 9858 ||| IDENTIFYING bubbling black potion
  9868 | Lair:3   | 9868 ||| INVOKING Heroism.
  9917 | Lair:3   | 9917 ||| READING scroll labelled ETOWI QAUCH.
 10025 | Lair:2   | Found a staircase to the Snake Pit.
 10026 | Lair:2   | 10026 ||| Stepping ~*~*~tactically~*~*~ (hiding).
 10042 | Lair:2   | 10042 ||| FLEEEEING.
 10057 | Lair:2   | Received a gift from Okawaru
 10212 | Lair:2   | 10212 ||| UPGRADING to scarf of resistance.
 10532 | Lair:3   | 10532 ||| Stepping ~*~*~tactically~*~*~ (stealth).
 10533 | Lair:3   | 10533 ||| Stepping ~*~*~tactically~*~*~ (stealth).
 10536 | Lair:3   | 10536 ||| Stepping ~*~*~tactically~*~*~ (stealth).
 10538 | Lair:3   | 10538 ||| INVOKING Heroism.
 10545 | Lair:3   | Reached skill level 12 in Axes
 10741 | Lair:3   | 10741 ||| INVOKING Heroism.
 10864 | Lair:3   | Reached XP level 13. HP: 78/82 MP: 20/20
 10982 | Lair:3   | 10982 ||| INVOKING Heroism.
 10983 | Lair:3   | 10983 ||| INVOKING Finesse.
 10984 | Lair:3   | 10984 ||| SWAPPING to +0 flail.
 10995 | Lair:3   | 10995 ||| SWAPPING to +5 spectral war axe.
 11282 | Lair:3   | 11282 ||| DROPPING ring of flight.
 11283 | Lair:3   | 11283 ||| READING scroll labelled CAL YP DEIRCH.
 11284 | Lair:3   | 11284 ||| READING 2 scrolls of identify.
 11284 | Lair:3   | 11284 ||| IDENTIFYING ruby potion
 11429 | Lair:4   | 11429 ||| INVOKING Heroism.
 11517 | Lair:4   | 11517 ||| Stepping ~*~*~tactically~*~*~ (stealth).
 11611 | Lair:4   | 11611 ||| Stepping ~*~*~tactically~*~*~ (stealth).
 11612 | Lair:4   | 11612 ||| Stepping ~*~*~tactically~*~*~ (stealth).
 11627 | Lair:4   | Found a staircase to the Slime Pits.
 11647 | Lair:4   | Reached skill level 13 in Axes
 11664 | Lair:4   | 11664 ||| Stepping ~*~*~tactically~*~*~ (stealth).
 11667 | Lair:4   | 11667 ||| Stepping ~*~*~tactically~*~*~ (stealth).
 11668 | Lair:4   | 11668 ||| Stepping ~*~*~tactically~*~*~ (stealth).
 11722 | Lair:4   | Reached skill level 9 in Armour
 11762 | Lair:4   | 11762 ||| Stepping ~*~*~tactically~*~*~ (hiding).
 11763 | Lair:4   | 11763 ||| Stepping ~*~*~tactically~*~*~ (hiding).
 11768 | Lair:4   | Received a gift from Okawaru
 11870 | Lair:4   | 11870 ||| SWAPPING to +1 war axe of flaming.
 11871 | Lair:4   | 11871 ||| DROPPING +0 flail.
 11872 | Lair:4   | 11872 ||| READING scroll of brand weapon.
 11872 | Lair:4   | 11872 ||| BRANDING +1 war axe of flaming.
 11873 | Lair:4   | 11873 ||| SWAPPING to +5 spectral war axe.
 11874 | Lair:4   | 11874 ||| DROPPING +1 war axe of venom.
 11958 | Lair:4   | 11958 ||| INVOKING Heroism.
 12072 | Lair:4   | 12072 ||| INVOKING Heroism.
 12073 | Lair:4   | 12073 ||| INVOKING Finesse.
 12414 | Lair:4   | 12414 ||| UPGRADING to +0 pair of boots.
 12450 | Lair:5   | Entered Level 5 of the Lair of Beasts
 12451 | Lair:5   | 12451 ||| INVOKING Heroism.
 12452 | Lair:5   | 12452 ||| Stepping ~*~*~tactically~*~*~ (stealth).
 12495 | Lair:5   | 12495 ||| INVOKING Heroism.
 12518 | Lair:5   | 12518 ||| Stepping ~*~*~tactically~*~*~ (stealth).
 12525 | Lair:5   | Reached skill level 14 in Axes
 12526 | Lair:5   | 12526 ||| SWAPPING to +0 club.
 12528 | Lair:5   | 12528 ||| INVOKING Heroism.
 12548 | Lair:5   | HP: 16/82 [eight-headed hydra (7)]
 12549 | Lair:5   | 12549 ||| READING 4 scrolls of teleportation.
 12549 | Lair:5   | HP: 7/82 [eight-headed hydra (6)]
 12550 | Lair:5   | 12550 ||| DRINKING 2 potions of heal wounds.
 12551 | Lair:5   | 12551 ||| DRINKING potion of heal wounds.
 12552 | Lair:5   | HP: 3/82 [eight-headed hydra (6)]
 12552 | Lair:5   | Mangled by an eight-headed hydra

Levels and vault maps discovered:
D:1:      minmay_arrival_four_circles, layout_basic
D:2:      layout_loops_cross, ebering_ecumenical_altar_rust, grunt_ministairs_2,
          minmay_misc_feat_enclosed, minmay_tall_x
D:3:      layout_basic, lemuel_coloured_pillars_altar, serial_corexii_hall,
          corexii_hall_statues_i, corexii_hall_statues_x
D:4:      layout_rooms, nzn_wu_jian_contemplation
D:5:      layout_loops_ring, nicolae_dithmenos_shadow_blocks,
          minmay_temple_entry_gardened_gates, hellmonk_ghost_happy_afterlife,
          uniq_eustachio
D:6:      layout_loops_ring, mainiacjoe_overflow_boulevard,
          nicolae_qazlal_general_emergency, serial_shops, shop
D:7:      layout_loops_corners, mainiacjoe_overflow_alcove_2, fedhas_altar_1
D:8:      layout_gridville, hellmonk_lair_entry_icy, serial_shops,
          nicolae_shop_statue_plus, uniq_pikel, uniq_maurice
Temple:   minmay_temple_bridge_abc
Lair:1:   layout_regular_city, evilmike_ambush [evilmike_ambush_outer_basic,
          evilmike_ambush_inner_basic], grunt_megastairs_2
Lair:2:   layout_layer_cave, nicolae_shoals_entry_roost,
          nicolae_snake_entry_warm_welcome, serial_bayou_shore_a
Lair:3:   layout_cave_pods, st_stairs_5
Lair:4:   layout_small_grid, minmay_slime_entry_jelly_boxes, st_stairs_3,
          beast_lair_carwin_7
Lair:5:   hellmonk_lair_end_abyssal_woods, layout_cave_pods,
          nicolae_volcano_entry_hallway, infiniplex_staircase_pool_2

Skill      XL: |  1  2  3  4  5  6  7  8  9 10 11 12 13 |
---------------+----------------------------------------+-----
Axes           | 2 3 4 5 6 7 8 9 10 11 12 14 | 14.0
Fighting       | 4 5 6 7 8 9 10 | 10.1
Armour         | 4 5 6 7 8 9 |  9.1
Dodging        | 1 2 |  2.0
Throwing       | 1 |  1.7
Invocations    | 4 7 10 | 10.0
Shields        | 7 9 10 11 | 11.0

Action                     |  1- 3 |  4- 6 |  7- 9 | 10-12 | 13-15 || total
---------------------------+-------+-------+-------+-------+-------++-------
  Melee: War axe           |    96 |   100 |   203 |   461 |   147 ||  1007
         Club              |       |       |       |       |    21 ||    21
         Flail             |       |       |       |       |    10 ||    10
  Throw: Javelin           |    20 |       |       |       |       ||    20
         Boomerang         |       |    13 |    58 |    90 |       ||   161
 Invoke: Heroism           |       |       |     9 |    16 |     7 ||    32
         Finesse           |       |       |       |       |     2 ||     2
    Use: Scroll            |     7 |     2 |     3 |    11 |     4 ||    27
         Potion            |     2 |       |     1 |     1 |     2 ||     6
   Stab: Distracted        |       |       |       |     2 |     4 ||     6
 Armour: Scale mail        |    23 |       |       |       |       ||    23
         Chain mail        |    39 |       |       |       |       ||    39
         Plate armour      |     7 |    64 |   159 |   262 |   123 ||   615
  Dodge: Dodged            |    35 |    29 |    69 |    72 |    36 ||   241
  Block: Buckler           |    11 |    16 |    27 |       |       ||    54
         Kite shield       |       |       |    16 |   216 |    77 ||   309

Table legend:
 A = Non-vault XP
 B = Vault XP
 C = Vault XP percentage of total XP
 D = Non-vault monster count
 E = Vault monster count
 F = Vault count percentage of total count
                 A         B        C        D         E       F
            +---------+---------+-------+---------+---------+-------
      Total |   39297 |    9703 |  19.8 |     304 |      53 |  14.8
            +---------+---------+-------+---------+---------+-------
        D:1 |      29 |       0 |   0.0 |      18 |       0 |   0.0
        D:2 |      12 |      28 |  70.0 |       6 |       6 |  50.0
        D:3 |      67 |       0 |   0.0 |      27 |       0 |   0.0
        D:4 |     516 |       0 |   0.0 |      25 |       0 |   0.0
        D:5 |     692 |     188 |  21.4 |      19 |       1 |   5.0
        D:6 |    2273 |       0 |   0.0 |      30 |       0 |   0.0
        D:7 |    1485 |       0 |   0.0 |      21 |       0 |   0.0
        D:8 |    2662 |    3005 |  53.0 |      28 |      12 |  30.0
     Lair:1 |    6870 |    1826 |  21.0 |      31 |       5 |  13.9
     Lair:2 |    4490 |    1328 |  22.8 |      24 |       6 |  20.0
     Lair:3 |    8969 |     411 |   4.4 |      37 |       2 |   5.1
     Lair:4 |    8494 |    2917 |  25.6 |      28 |      21 |  42.9
     Lair:5 |    2738 |       0 |   0.0 |      10 |       0 |   0.0
            +---------+---------+-------+---------+---------+-------
